 Dungeon Crawl Stone Soup version 0.17-a0-1632-g0af21bd (webtiles) character file.

110 Oddball22 the Digger (level 4, -1/24 HPs)
             Began as a Gargoyle Earth Elementalist on Aug 3, 2015.
             Slain by a slave (5 damage)
             ... led by Pikel
             ... on level 3 of the Dungeon.
             The game lasted 00:15:32 (4125 turns).

Oddball22 the Digger (Gargoyle Earth Elementalist)  Turns: 4125, Time: 00:15:32

Health: -1/24      AC:  8    Str: 12    XL:     4   Next: 91%
Magic:  8/8        EV: 12    Int: 16    God:
Gold:   108        SH:  0    Dex: 10    Spells: 3 memorised, 2 levels left

rFire  . . .     SeeInvis .     m - +0 short sword (speed)
rCold  + . .     Clarity  +     q - +0 robe {rC+}
rNeg   + . .     SustAt   .     (no shield)
rPois  ∞         Gourm    .     (no helmet)
rElec  +         Spirit   .     (no cloak)
rCorr  .         Warding  .     (no gloves)
rMut   .         Stasis   .     (no boots)
MR     .....                    u - amulet of clarity
Stlth  ++........               (no ring)
                                (no ring)

@: stone skin, not resistant to hostile enchantments, unstealthy
A: mutation resistance 1, negative energy resistance 1, electricity resistance,
unbreathing, petrification resistance, rot immunity, AC +3
a: no special abilities


You were on level 3 of the Dungeon.
You were very hungry.

You visited 1 branch of the dungeon, and saw 4 of its levels.

You collected 108 gold pieces.

Inventory:

Hand weapons
 b - a +0 dagger of freezing
 h - a +1 dagger of speed
 m - a +0 short sword of speed (weapon)
Missiles
 a - 95 stones (quivered)
Armour
 g - a +0 buckler
 q - a +0 robe of cold resistance (worn)
Jewellery
 u - an amulet of clarity (around neck)
Magical devices
 n - a wand of confusion (3)
Scrolls
 k - a scroll of blinking {unknown}
 l - a scroll of teleportation {unknown}
 s - a scroll of amnesia {unknown}
 t - a scroll of immolation {unknown}
Books
 c - a book of Geomancy

   Spells                             Type                      Level
   a - Sandblast                      Earth                        1
   b - Stoneskin                      Transmutation/Earth          2
   c - Passwall                       Transmutation/Earth          3
   d - Stone Arrow                    Conjuration/Earth            3
   e - Petrify                        Transmutation/Earth          4
   f - Lee's Rapid Deconstruction     Earth                        5
Comestibles
 d - 3 bread rations
 i - 2 fruits
 p - a beef jerky


   Skills:
 - Level 1.5 Dodging
 - Level 2.1 Stealth
 + Level 2.8 Spellcasting
 + Level 1.5 Transmutations
 * Level 5.4 Earth Magic


You had 2 spell levels left.
You knew the following spells:

 Your Spells              Type           Power        Failure   Level  Hunger
a - Sandblast             Erth           ###...       1%          1    #......
b - Stoneskin             Trmt/Erth      ##......     10%         2    ##.....
c - Passwall              Trmt/Erth      ##........   14%         3    ###....


Dungeon Overview and Level Annotations

Branches:
Dungeon (4/15)
 Temple: D:4-7

Altars:

Annotations:
D:3 Sigmund; ldierk's ghost, average DsAM
D:4 Natasha; Pikel


Innate Abilities, Weirdness & Mutations

You are resistant to torment.
Your stone body is resilient (AC +3).
You are immune to poison.
You resist negative energy.
You are resistant to electric shocks.
You can survive without breathing.
You are immune to petrification.
You are immune to rotting.
You are somewhat resistant to further mutation.


Message History

The shadow imp gestures at you. Pain shoots through your body!
Natasha mumbles some strange words.
The shadow imp gestures at you. Pain shoots through your body!
* * * LOW HITPOINT WARNING * * *
There is an open door here.
The white imp grins evilly.
You close the door.
A shadow imp opens the door.
There is an open door here.
You close the door.
A shadow imp opens the door.
There is a stone staircase leading up here.
You climb upwards.
Level annotation: Sigmund; ldierk's ghost, average DsAM The slave hits you.
* * * LOW HITPOINT WARNING * * *
The slave hits you but does no damage. The slave hits you.
You die...

#####.......#....... ...#...
#...........#.....####..#...
#......(#.#..........#.##...
#.......#...#.......##.##...
#.......##..#...........#...
#..................###..#.##
#####.#.###.#........#......
###.#.###p#......†.#......
#........@p.........<.....
#.#.#........###.#.#.#....
#.#.#.#............#....##
#.#.#.#.####.###.#########
#.#.#.#.# #.#.#.# #......
#.#...#.# #.#.#.###.#####
.#######.#####.#
#.#..........#
...............#
#.#.#.####...##
########.#######
#.#.#..........


You could see 2 slaves.

Vanquished Creatures
  A slave (D:4)
  5 adders
  2 worms
  3 giant geckos
  An orc (D:3)
  5 bats
  A giant cockroach (D:1)
  6 goblins
  4 hobgoblins
  8 jackals
  5 kobolds
  2 quokkas
  7 giant newts (D:2)
  A quokka skeleton (D:4)
  6 rats
57 creatures vanquished.

Vanquished Creatures (others)
  A fungus (D:2)
1 creature vanquished.

Grand Total: 58 creatures vanquished

Notes
Turn   | Place    | Note
--------------------------------------------------------------
     0 | D:1      | Oddball22 the Gargoyle Earth Elementalist began the quest for the Orb.
     0 | D:1      | Reached XP level 1. HP: 10/10 MP: 3/3
   205 | D:1      | Reached skill level 4 in Earth Magic
   208 | D:1      | Reached XP level 2. HP: 15/15 MP: 0/5
   212 | D:1      | Learned a level 2 spell: Stoneskin
   718 | D:1      | Reached skill level 1 in Transmutations
  1313 | D:2      | Reached XP level 3. HP: 17/19 MP: 0/6
  1498 | D:2      | Reached skill level 5 in Earth Magic
  1498 | D:2      | Reached XP level 4. HP: 24/24 MP: 5/7
  1506 | D:2      | Learned a level 3 spell: Passwall
  2755 | D:3      | Noticed Sigmund
  2807 | D:3      | Noticed ldierk's ghost (average DsAM)
  2897 | D:4      | Noticed Pikel
  2897 | D:4      | Noticed a slave
  2897 | D:4      | Noticed a slave
  2897 | D:4      | Noticed a slave
  2897 | D:4      | Noticed a slave
  3646 | D:4      | Gained mutation: You are somewhat resistant to further mutation. [potion of mutation]
  3925 | D:4      | Killed a slave
  4101 | D:4      | Noticed Natasha
  4125 | D:3      | Slain by a slave

Vault maps used:
D:1:      ncdulo_watergridlock
D:2:      minmay_lizard_king, uniq_crazy_yiuf_cottage
D:3:      hangedman_decor_points, minmay_misc_feat_iff, uniq_sigmund
D:4:      nicolae_ru_awakened_eye, lemuel_round_altar, uniq_pikel, uniq_natasha,
          uniq_blork_the_orc

Action                   |  1- 3 |  4- 6 || total
-------------------------+-------+-------++-------
Melee: Hand axe          |    23 |       ||    23
       Dagger            |    23 |   154 ||   177
       Short sword       |       |    38 ||    38
 Cast: Sandblast         |    33 |    43 ||    76
       Stoneskin         |       |     3 ||     3
Evoke: Wand              |       |     4 ||     4
  Use: Potion            |       |     6 ||     6
       Scroll            |       |     2 ||     2
 Stab: Sleeping          |     2 |       ||     2
       Confused          |       |     1 ||     1
  Eat: Chunk             |     2 |     7 ||     9
       Fruit             |       |     1 ||     1
